 Dungeon Crawl Stone Soup version 0.21.1-1-g345015f (webtiles) character file.

207 inc the Cudgeler (level 5, -1/41 HPs)
             Began as a Demonspawn Monk on June 9, 2018.
             Was a Believer of Qazlal.
             Slain by inc's ghost (7 damage)
             ... on level 4 of the Dungeon.
             The game lasted 00:05:41 (4108 turns).

inc the Cudgeler (Demonspawn Monk)                  Turns: 4108, Time: 00:05:42

Health: -1/41      AC:  5    Str: 11    XL:     5   Next: 54%
Magic:  3/6        EV: 11    Int: 15    God:    Qazlal [**....]
Gold:   68         SH:  2    Dex: 16    Spells: 4/4 levels left

rFire    . . .     SeeInvis +   a - +0 mace
rCold    . . .     Gourm    .   (no shield)
rNeg     . . .     Faith    .   r - +0 ring mail
rPois    .         Spirit   .   (helmet unavailable)
rElec    .         Reflect  .   (no cloak)
rCorr    .         Harm     .   (no gloves)
MR       .....                  (no boots)
Stlth    +.........             v - amulet of regeneration
HPRegen  0.53/turn              g - +3 ring of intelligence
MPRegen  0.10/turn              (no ring)

@: no status effects
A: antennae 3, powered by death 1
a: Upheaval, Renounce Religion


You were on level 4 of the Dungeon.
You worshipped Qazlal.
Qazlal was pleased with you.
You were not hungry.

You visited 1 branch of the dungeon, and saw 4 of its levels.

You collected 68 gold pieces.

Inventory:

Hand Weapons
 a - a +0 mace (weapon)
Armour
 b - a +0 robe
 q - a +0 leather armour
 r - a +0 ring mail (worn)
Jewellery
 g - a +3 ring of intelligence (left hand)
 v - an amulet of regeneration (around neck)
Wands
 p - a wand of iceblast (5)
Scrolls
 d - a scroll of fear {unknown}
 e - a scroll of amnesia {unknown}
 h - a scroll of teleportation {unknown}
 j - a scroll of immolation {unknown}
 k - 2 scrolls of identify {unknown}
 m - a scroll of enchant weapon {unknown}
 o - 2 scrolls of random uselessness {unknown}
 t - a scroll of remove curse {unknown}
 u - a scroll of magic mapping {unknown}
Potions
 f - a potion of curing
 i - a potion of degeneration {unknown}
 l - a potion of magic {unknown}
 w - a potion of agility {unknown}
Books
 n - a book of Minor Magic

   Spells                             Type                      Level
   a - Magic Dart                     Conjuration                  1
   b - Blink                          Translocation                2
   c - Call Imp                       Summoning                    2
   d - Slow                           Hexes                        2
   e - Conjure Flame                  Conjuration/Fire             3
   f - Mephitic Cloud                 Conjuration/Poison/Air       3
Comestibles
 c - 8 rations


   Skills:
 - Level 3.4 Fighting
 - Level 5.0 Maces & Flails
 - Level 3.0 Dodging
 - Level 1.7 Stealth
 + Level 2.3 Invocations


You had 4 spell levels left.
You didn't know any spells.

Dungeon Overview and Level Annotations

Branches:
Dungeon (4/15)
 Temple: D:4-7

Altars:
Ashenzari
Fedhas
Hepliaklqana
Kikubaaqudgha
Nemelex Xobeh
Qazlal
Ru
Xom
Zin

Annotations:
D:3 1 runed door
D:4 inc's ghost, amateur DsMo


Innate Abilities, Weirdness & Mutations

You have a pair of large antennae on your head. (SInv)
You regenerate a little health from kills.


Message History

Inc's ghost is moderately damaged.
Inc's ghost barely misses you.
You hit inc's ghost but do no damage.
Inc's ghost is moderately damaged.
Inc's ghost flexes its fingers.
Inc's ghost hits you but does no damage.
You hit inc's ghost.
Inc's ghost is moderately damaged.
Inc's ghost closely misses you.
You hit inc's ghost but do no damage.
Inc's ghost is moderately damaged.
Inc's ghost hits you. x2
You hit inc's ghost but do no damage.
Inc's ghost is moderately damaged.
Inc's ghost hits you!
* * * LOW HITPOINT WARNING * * *
You hit inc's ghost but do no damage.
Inc's ghost is moderately damaged.
Inc's ghost hits you!
You die...

.##......# 8_.._
#.####.#
.######...##≈... ..#
##.## .# ##..##≈≈..
#..# #...# ##
##..##≈≈. #..## #...#
## #..##≈. #.)# ##>..#
.# #..##'##..#
###....# .#
#...[...####......####
.#
.##.W.###....^^.....)
.# #.@...>...^_^......
.# #...###...^^^......
.# #...# ###......####
.# .....# ####...# ##
#.##.#.# #...# # #.#.#
#...# ..#.# #...#
####.#


You could see inc's ghost.

Vanquished Creatures
  An orc wizard (D:3)
  Ijyb (D:3)
  Natasha (twice) (D:3)
  2 adders (D:3)
  A worm (D:2)
  2 dart slugs
  5 leopard geckos
  4 orcs
  5 bats
  6 giant cockroaches
  9 goblins
  10 hobgoblins
  4 jackals (D:2)
  A ball python (D:2)
  5 frilled lizards
  6 kobolds
  7 rats
71 creatures vanquished.

Notes
Turn   | Place    | Note
-------+----------+-------------------------------------------
     0 | D:1      | inc the Demonspawn Monk began the quest for the Orb.
     0 | D:1      | Reached XP level 1. HP: 18/18 MP: 1/1
   188 | D:1      | Gained mutation: You have a pair of small antennae on your head. [demonic ancestry]
   188 | D:1      | Reached XP level 2. HP: 20/24 MP: 2/2
   339 | D:1      | Reached skill level 3 in Maces & Flails
  1097 | D:2      | Gained mutation: You regenerate a little health from kills. [demonic ancestry]
  1097 | D:2      | Reached XP level 3. HP: 28/29 MP: 3/3
  1669 | D:2      | Found a blossoming altar of Fedhas.
  2585 | D:3      | Reached skill level 4 in Maces & Flails
  2585 | D:3      | Gained mutation: You have a pair of antennae on your head. [demonic ancestry]
  2585 | D:3      | Reached XP level 4. HP: 24/35 MP: 4/4
  2793 | D:3      | Noticed Ijyb
  2815 | D:3      | Killed Ijyb
  2956 | D:3      | Found a faded altar of an unknown god.
  2978 | D:3      | Found an ancient bone altar of Kikubaaqudgha.
  3192 | D:3      | Found a stormy altar of Qazlal.
  3193 | D:3      | Noticed Natasha
  3204 | D:3      | Killed Natasha
  3204 | D:3      | Reached skill level 5 in Maces & Flails
  3204 | D:3      | Gained mutation: You have a pair of large antennae on your head. (SInv) [demonic ancestry]
  3204 | D:3      | Reached XP level 5. HP: 41/41 MP: 5/5
  3210 | D:3      | Found a sparkling altar of Nemelex Xobeh.
  3246 | D:3      | Became a worshipper of Qazlal Stormbringer
  3246 | D:3      | Reached * piety under Qazlal
  3246 | D:3      | Reached ** piety under Qazlal
  3282 | D:3      | Found a glowing silver altar of Zin.
  3498 | D:3      | Noticed Natasha
  3511 | D:3      | Killed Natasha
  3683 | D:3      | Found a runed door.
  4042 | D:4      | Found a shattered altar of Ashenzari.
  4062 | D:4      | Found a shimmering altar of Xom.
  4095 | D:4      | Noticed inc's ghost (amateur DsMo)
  4097 | D:4      | Found a sacrificial altar of Ru.
  4098 | D:4      | Found a hazy altar of Hepliaklqana.
  4108 | D:4      | Slain by inc's ghost

Skill      XL: |  1  2  3  4  5 |
---------------+----------------+-----
Dodging        | 3 |  3.0
Maces & Flails | 3 4 5 |  5.0
Invocations    | 2 |  2.3
Fighting       | |  3.4
Stealth        | |  1.7

Action                   |  1- 3 |  4- 6 || total
-------------------------+-------+-------++-------
Melee: Mace              |   186 |   108 ||   294
Invok: Upheaval          |       |     1 ||     1
  Use: Potion            |       |     1 ||     1
 Stab: Sleeping          |     4 |       ||     4
  Eat: Chunk             |     4 |     7 ||    11
Armor: Robe              |    25 |     2 ||    27
       Ring mail         |       |    20 ||    20
Dodge: Dodged            |   142 |    61 ||   203
Block: Other             |       |     6 ||     6
